AoeStats
← 沙正街小霸王

Arena

509586038Analyzed
4v4 RM · 4d ago on Sep 27, 2026· 71m 39s· 8 players
Game mode
Random Map
Map size
Large (8 player)
Population
200
Speed
Normal
Resources
Standard
Victory
Conquest
Starting age
Dark Age
Ending age
Imperial Age
RankedLock teamsTeams togetherTeam positionsShared explorationLock speedFull tech treeHidden civsTurbo modeCheats
Victory
Defeat
🇩🇰 Mongols · Denmark
961
+17
🇳🇱 Teutons · Netherlands
951
+17
🇪🇸 Khmer · Spain
949
+17
🇮🇹 Franks · Italy
864
+20
🇹🇷 Huns · Türkiye
1019
-20
🇹🇷 Burmese · Türkiye
1000
-19
🇨🇳 Franks · China
974
-18
🇬🇧 Persians · United Kingdom
886
-14
Danzer
12:33 Feudal Age
13:11 Horse Collar
16:55 Castle Age
15:08 Double-Bit Axe
17:06 Stone Mining
18:21 Bloodlines
17:33 Light Cavalry
20:56 Loom
22:50 Heavy Plow
24:36 Gold Mining
26:40 Town Watch
28:16 Forging
29:39 Scale Barding Armor
31:39 Iron Casting
32:05 Chain Barding Armor
32:27 Wheelbarrow
33:33 Fletching
35:01 Husbandry
35:47 Hand Cart
35:35 Town Patrol
36:37 Ballistics
36:29 Masonry
36:55 Bow Saw
39:47 Imperial Age
40:03 Hussar
41:46 Crop Rotation
42:33 Blast Furnace
42:09 Plate Barding Armor
42:32 Gold Shaft Mining
45:27 Chemistry
44:29 Bodkin Arrow
44:42 Elite Ballista Elephant
47:01 Double Crossbow
maltheh9797
10:55 Feudal Age
15:00 Castle Age
12:50 Double-Bit Axe
14:58 Horse Collar
19:49 Loom
21:49 Wheelbarrow
24:29 Hand Cart
24:42 Scale Barding Armor
24:48 Forging
25:28 Pikeman
28:01 Chain Barding Armor
28:17 Iron Casting
taisho84
11:24 Feudal Age
13:13 Double-Bit Axe
13:11 Horse Collar
18:34 Castle Age
17:06 Stone Mining
21:05 Bow Saw
22:29 Loom
22:54 Heavy Plow
31:18 Imperial Age
29:49 Fortified Wall
29:51 Masonry
31:22 Wheelbarrow
31:39 Gold Mining
32:23 Crenellations
32:54 Pikeman
33:42 Fletching
33:53 Scale Mail Armor
35:09 Chemistry
34:17 Capped Ram
35:25 Conscription
35:26 Squires
36:32 Halberdier
40:01 Forging
39:47 Bodkin Arrow
43:31 Hoardings
43:04 Arson
44:24 Two-Man Saw
48:41 Iron Casting
48:22 Chain Mail Armor
48:30 Ballistics
52:54 Hand Cart
53:26 Elite Skirmisher
55:55 Plate Mail Armor
61:29 Padded Archer Armor
61:16 Arrowslits
61:37 Siege Engineers
67:31 Crop Rotation
68:05 Blast Furnace
68:00 Caravan
zened8
13:32 Feudal Age
18:35 Castle Age
17:07 Double-Bit Axe
19:11 Man-at-Arms
20:16 Scale Mail Armor
20:22 Scale Barding Armor
20:30 Forging
20:27 Long Swordsman
22:56 Bow Saw
24:30 Gold Mining
26:39 Wheelbarrow
31:56 Husbandry
37:28 Imperial Age
36:45 Caravan
39:07 Cavalier
40:34 Pikeman
41:15 Squires
41:23 Ordonnance Companies
42:36 Chain Barding Armor
42:37 Halberdier
45:43 Hoardings
45:17 Paladin
48:59 Fortified Wall
48:35 Arrowslits
49:52 Chemistry
50:21 Light Cavalry
57:18 Loom
57:50 Hand Cart
67:55 Stone Mining
misaltamonteschiquitin
5:50 Loom
10:14 Feudal Age
11:34 Wheelbarrow
11:23 Gold Mining
11:34 Horse Collar
14:56 Town Watch
21:14 Castle Age
19:29 Stone Mining
20:07 Double-Bit Axe
22:02 Bow Saw
22:45 Scale Mail Armor
22:08 Pikeman
26:54 Hand Cart
27:50 Heavy Plow
31:30 Forging
33:11 Iron Casting
33:14 Squires
33:20 Husbandry
33:30 Bloodlines
34:59 Scale Barding Armor
35:11 Chain Mail Armor
35:33 Caravan
37:42 Chain Barding Armor
38:05 Fletching
38:41 Light Cavalry
39:58 Bodkin Arrow
46:39 Imperial Age
44:51 Murder Holes
45:18 Kamandaran
45:21 Padded Archer Armor
45:16 Gambesons
44:52 Man-at-Arms
45:59 Long Swordsman
46:16 Cavalier
47:12 Citadels
47:33 Ballistics
48:13 Chemistry
47:00 Halberdier
48:15 Hussar
50:25 Crop Rotation
51:43 Stone Shaft Mining
52:22 Two-Man Saw
52:00 Gold Shaft Mining
52:40 Masonry
53:14 Elite War Elephant
55:03 Blast Furnace
54:40 Plate Barding Armor
54:57 Architecture
59:19 Plate Mail Armor
沙正街小霸王
10:43 Feudal Age
11:47 Double-Bit Axe
17:11 Castle Age
15:48 Gold Mining
16:51 Forging
18:40 Bow Saw
19:14 Fervor
22:03 Wheelbarrow
21:13 Loom
23:11 Gold Shaft Mining
24:22 Husbandry
26:24 Caravan
29:00 Imperial Age
27:17 Scale Barding Armor
28:09 Stone Mining
29:35 Hand Cart
29:12 Cavalier
32:58 Chain Barding Armor
33:13 Iron Casting
32:17 Paladin
34:21 Plate Barding Armor
34:12 Town Watch
34:42 Fortified Wall
34:35 Chivalry
37:29 Blast Furnace
36:20 Fletching
39:16 Cranequins
39:25 Ordonnance Companies
40:28 Conscription
40:41 Ballistics
42:08 Hoardings
41:33 Bodkin Arrow
42:02 Herbal Medicine
42:05 Heavy Mounted Crossbowman
42:49 Padded Archer Armor
49:33 Chemistry
48:39 Siege Engineers
54:20 Masonry
58:27 Light Cavalry
62:29 Architecture
モ大は題の
0:34 Loom
3:59 Loom
12:34 Feudal Age
16:16 Town Watch
19:53 Castle Age
19:08 Double-Bit Axe
22:13 Husbandry
22:24 Bloodlines
22:16 Marauders
22:58 Bow Saw
28:37 Gold Mining
28:36 Horse Collar
29:43 Wheelbarrow
35:39 Scale Mail Armor
35:45 Scale Barding Armor
35:53 Forging
35:34 Fletching
36:26 Hand Cart
35:57 Town Watch
42:48 Town Patrol
48:05 Imperial Age
48:46 Chain Barding Armor
48:22 Bodkin Arrow
49:04 Iron Casting
48:12 Elite Tarkan
49:16 Conscription
49:51 Squires
51:35 Plate Barding Armor
52:32 Cavalier
56:46 Bracer
57:10 Ballistics
57:51 Chemistry
56:48 Murder Holes
57:05 Masonry
56:58 Murder Holes
59:02 Atheism
Chad
5:20 Loom
11:42 Feudal Age
13:54 Stone Mining
16:27 Castle Age
16:50 Wheelbarrow
16:46 Padded Archer Armor
17:12 Horse Collar
18:17 Husbandry
18:28 Bloodlines
19:38 Bloodlines
25:48 Gold Mining
33:11 Imperial Age
33:28 Elite Arambai
36:05 Conscription
37:45 Hand Cart
40:13 Fortified Wall
40:28 Ballistics
41:09 Chemistry
42:59 Siege Engineers
46:33 Gold Shaft Mining
51:32 Guilds
Connection lost

Rejoining the realm…

Still unreachable

The connection could not be restored.

Session expired

The server has moved on; the page needs a fresh start.